[Event "January 2 Late 2024"]
[Site "https://www.chess.com"]
[Date "2024.01.02"]
[Round "1"]
[White "Rees, Ioan"]
[Black "Subelj, Jan"]
[Result "0-1"]
[Board "88"]
[TimeControl "180+1"]
[WhiteFideId "1801236"]
[BlackFideId "14618583"]
[WhiteElo "2420"]
[BlackElo "2742"]
[WhiteTeam "WLS"]
[BlackTeam "SLO"]
[WhiteClock "0:01:30"]
[BlackClock "0:02:06"]

1. e4 Nf6 2. e5 Nd5 3. Nc3 Nxc3 4. dxc3 d6 5. Bf4 Nc6 6. Nf3 Bg4 7. Bb5 e6 8. h3 Bh5 9. g4 Bg6 10. Qe2 a6 11. Bxc6+ bxc6 12. O-O-O d5 13. h4 h5 14. Ng5 hxg4 15. h5 Rxh5 16. Qxg4 Rxh1 17. Rxh1 Qe7 18. Qe2 a5 19. Nf3 a4 20. a3 Qc5 21. Bg5 Qb5 22. Nd4 Qxe2 23. Nxe2 Kd7 24. Nf4 Bf5 25. Rh8 Re8 26. Nd3 Bxd3 27. cxd3 Be7 28. Rh7 Bxg5+ 0-1

[Event "January 2 Late 2024"]
[Site "https://www.chess.com"]
[Date "2024.01.02"]
[Round "1"]
[White "Thomforde-Toates, Noah"]
[Black "Chyngyz, Sultai"]
[Result "1-0"]
[Board "89"]
[TimeControl "180+1"]
[WhiteFideId "30951992"]
[BlackFideId "13803158"]
[WhiteElo "2741"]
[BlackElo "2419"]
[WhiteTeam "USA"]
[BlackTeam "KGZ"]
[WhiteClock "0:01:49"]
[BlackClock "0:01:47"]

1. d4 Nf6 2. Nc3 d5 3. Bf4 e6 4. e3 Be7 5. Nf3 O-O 6. Bd3 c5 7. dxc5 Bxc5 8. O-O Nc6 9. e4 d4 10. Ne2 Nh5 11. Bd2 e5 12. h3 Be6 13. a3 Rc8 14. b4 Be7 15. Ng3 Nxg3 16. fxg3 a6 17. Qe2 Bf6 18. Kh2 h6 19. g4 b5 20. a4 Ne7 21. axb5 axb5 22. g5 hxg5 23. Nxg5 Bc4 24. Qg4 Bxd3 25. Rxf6 Ng6 26. Rxg6 fxg6 27. Qe6+ Kh8 28. Qxg6 Bxe4 29. Qxe4 g6 30. Qh4+ Kg7 31. Qh7+ Kf6 32. Rf1# 1-0

[Event "January 2 Late 2024"]
[Site "https://www.chess.com"]
[Date "2024.01.02"]
[Round "1"]
[White "Blanco Diez, David"]
[Black "Lie, Kjetil A."]
[Result "0-1"]
[Board "90"]
[TimeControl "180+1"]
[WhiteFideId "32032927"]
[BlackFideId "1501984"]
[WhiteElo "2416"]
[BlackElo "2739"]
[WhiteTeam "ESP"]
[BlackTeam "NOR"]
[WhiteClock "0:00:12"]
[BlackClock "0:00:07"]

1. d4 Nf6 2. Nc3 d5 3. Bg5 Nbd7 4. Nf3 e6 5. e4 dxe4 6. Nxe4 h6 7. Bh4 Be7 8. Nxf6+ Nxf6 9. Bd3 b6 10. Qe2 Bb7 11. c3 Nd5 12. Bg3 O-O 13. O-O c5 14. dxc5 Bxc5 15. Rad1 Qf6 16. Be5 Qe7 17. Qe4 g6 18. Qg4 Nf6 19. Qf4 Nd7 20. Qxh6 Nxe5 21. Nxe5 Rad8 22. Bc2 Rd5 23. Rxd5 Bxd5 24. c4 Bb7 25. Rd1 Qf6 26. Nd3 Bd4 27. b3 Be4 28. Rf1 Rd8 29. Ne1 Bb7 30. Bb1 Bc5 31. Nd3 Ba3 32. Nf4 Bf8 33. Nh5 Qe5 34. f4 Qxh5 35. Qxh5 gxh5 36. Kf2 Bc5+ 37. Ke2 Rd4 38. Bd3 Be4 39. Bxe4 Rxe4+ 40. Kf3 Re3+ 41. Kf2 Rc3+ 42. Ke2 Rc2+ 43. Kd3 Rxa2 44. f5 Rxg2 45. fxe6 fxe6 46. Rf6 e5 47. Rf5 Bd4 48. Rxh5 Kg7 49. Ke4 Kg6 50. Rh8 Re2+ 51. Kd5 Rb2 52. Ra8 Rxb3 53. Rxa7 Rh3 54. Ra8 Rxh2 55. Rg8+ Kf5 56. Rf8+ Kg4 57. c5 bxc5 58. Rg8+ Kf3 59. Rf8+ Ke3 60. Kc4 e4 61. Re8 Rc2+ 62. Kd5 Rc3 63. Rxe4+ Kd3 64. Re1 Rc2 65. Rh1 Rd2 66. Rh3+ Be3 67. Rh4 Ke2+ 68. Kc4 Rd4+ 69. Rxd4 Bxd4 70. Kb3 Kd2 71. Kc4 Kc2 72. Kd5 Kd3 73. Kc6 c4 74. Kb5 c3 75. Kb4 c2 76. Kb3 0-1

[Event "January 2 Late 2024"]
[Site "https://www.chess.com"]
[Date "2024.01.02"]
[Round "1"]
[White "Daggupati, Balaji"]
[Black "Alvarado, Carlos"]
[Result "1-0"]
[Board "91"]
[TimeControl "180+1"]
[WhiteFideId "2090759"]
[BlackFideId "3800555"]
[WhiteElo "2738"]
[BlackElo "2415"]
[WhiteTeam "USA"]
[BlackTeam "PER"]
[WhiteClock "0:00:12"]
[BlackClock "0:00:00"]

1. e4 c6 2. d4 d5 3. Nc3 dxe4 4. Nxe4 Nf6 5. Nxf6+ exf6 6. c3 Bd6 7. Bd3 Na6 8. Qc2 h6 9. Ne2 Nc7 10. O-O Kf8 11. Bf4 Bxf4 12. Nxf4 h5 13. Rfe1 Be6 14. Bf5 Bxf5 15. Qxf5 Qc8 16. Qc5+ Kg8 17. Re7 g5 18. Qc4 Rh7 19. Nxh5 Nd5 20. Nxf6+ Nxf6 21. Rae1 Nd5 22. R7e5 Qg4 23. Qc5 Rg7 24. h3 Qf4 25. c4 Nf6 26. Rf5 Qd2 27. Qe5 Nd7 28. Qe4 Qxb2 29. Qe7 Nf8 30. Rxg5 Rxg5 31. Qxg5+ Kh8 32. Qh4+ Kg8 33. Qg4+ Kh8 34. Re7 Qb1+ 35. Kh2 Qg6 36. Qf4 Kg8 37. Re5 Nh7 38. h4 Rf8 39. h5 Qf6 40. Rf5 Qe6 41. d5 cxd5 42. cxd5 Qb6 43. h6 Kh8 44. d6 f6 45. Rd5 Qd8 46. d7 Ng5 47. Qf5 Qe7 48. f4 Nf7 49. Qg6 Nd8 50. Rd3 Qf7 51. Qf5 Qe6 52. Qc5 Qf7 53. Rg3 Rg8 54. Rxg8+ Qxg8 55. Qe7 Nf7 56. Qxf7 Qxf7 57. d8=Q+ Kh7 58. Qd4 Kxh6 59. Qxa7 Kg7 60. Qb6 Qxa2 61. Qxb7+ Kg6 62. Qe4+ Kg7 63. Qe7+ Kg6 64. Qd7 Qb2 65. Kh3 Kh6 66. g3 Kg6 67. Qe8+ Kh6 68. f5 1-0

[Event "January 2 Late 2024"]
[Site "https://www.chess.com"]
[Date "2024.01.02"]
[Round "1"]
[White "Mazurkiewicz, Michal"]
[Black "Flores, Diego"]
[Result "0-1"]
[Board "92"]
[TimeControl "180+1"]
[WhiteFideId "1124943"]
[BlackFideId "108049"]
[WhiteElo "2415"]
[BlackElo "2737"]
[WhiteTeam "POL"]
[BlackTeam "ARG"]
[WhiteClock "0:00:00"]
[BlackClock "0:00:17"]

1. e4 c5 2. Nf3 e6 3. d3 Nc6 4. g3 d5 5. Nbd2 Bd6 6. Bg2 Nge7 7. O-O O-O 8. Re1 Bc7 9. c3 b6 10. e5 Ba6 11. d4 Bd3 12. Nf1 Bg6 13. Bf4 cxd4 14. Nxd4 Nxd4 15. cxd4 b5 16. Ne3 Bb6 17. Rc1 Rc8 18. Rxc8 Qxc8 19. h4 h6 20. h5 Bh7 21. Qd2 Kh8 22. g4 Nc6 23. g5 hxg5 24. Bxg5 Bxd4 25. h6 Bxe5 26. Ng4 f6 27. hxg7+ Kxg7 28. Bh6+ Kh8 29. Bxf8 Qxf8 30. Rc1 Nd4 31. f4 Bxf4 32. Qxd4 Bxc1 33. Nxf6 Qg7 34. Qc3 Bg5 35. Qc8+ Bg8 36. Nxg8 Qxg8 37. Qxg8+ Kxg8 38. Kf2 Kf7 39. Ke2 Ke7 40. Kd3 Kd6 41. b3 e5 42. Bh3 e4+ 43. Ke2 b4 44. Bf5 Ke5 45. Bh7 d4 46. Bg8 d3+ 47. Kf2 Kd4 48. Bh7 e3+ 49. Kf3 e2 50. Kf2 Bh4+ 0-1

[Event "January 2 Late 2024"]
[Site "https://www.chess.com"]
[Date "2024.01.02"]
[Round "1"]
[White "Filipovic, Slobodan J"]
[Black "Koellner, Ruben Gideon"]
[Result "0-1"]
[Board "94"]
[TimeControl "180+1"]
[WhiteFideId "939633"]
[BlackFideId "12993093"]
[WhiteElo "2414"]
[BlackElo "2731"]
[WhiteTeam "SRB"]
[BlackTeam "GER"]
[WhiteClock "0:00:18"]
[BlackClock "0:00:27"]

1. c4 d6 2. Nc3 e5 3. g3 f5 4. Bg2 Nf6 5. e3 Be7 6. Nge2 O-O 7. d4 e4 8. h4 Be6 9. Nf4 Bf7 10. d5 Na6 11. b3 Nc5 12. Bb2 a5 13. h5 Nfd7 14. Bh3 Ne5 15. Rb1 Qd7 16. Ba1 Bf6 17. O-O g5 18. hxg6 hxg6 19. Bg2 Kg7 20. f3 exf3 21. Bxf3 Rae8 22. Nb5 Qe7 23. Re1 Rh8 24. Nd4 Rh7 25. Nde6+ Bxe6 26. dxe6 c6 27. a3 Nxe6 28. Nxe6+ Qxe6 29. Bg2 Ng4 30. e4 Bxa1 31. Rxa1 Qe5 32. Qf3 Qc5+ 33. Re3 Qxe3+ 34. Qxe3 Nxe3 35. exf5 Nxg2 36. fxg6 Kxg6 37. Kxg2 Re2+ 38. Kf3 Rb2 39. Rd1 Rxb3+ 40. Kg4 Rd7 41. Rd2 Rxa3 42. c5 d5 43. Re2 Ra4+ 44. Kh3 Rh7+ 45. Kg2 Rb4 46. Re6+ Kf5 47. Re8 a4 48. Kf3 Rb3+ 49. Kf2 a3 50. Rf8+ Ke4 51. Re8+ Kd3 52. Re1 Kc4 53. Rc1+ Kb4 54. Ra1 Rb2+ 55. Kf3 a2 56. Kg4 Kb3 57. Kg5 Rb1 58. Rxa2 Kxa2 59. g4 Rg7+ 60. Kf6 Rxg4 61. Ke6 Rb5 62. Kd6 Rxc5 63. Kxc5 Rc4+ 64. Kd6 b5 65. Ke5 b4 66. Kf5 b3 67. Ke5 b2 68. Kd6 b1=Q 69. Kc7 Rc2 70. Kd6 c5 71. Ke5 c4 72. Kxd5 c3 73. Kd4 Rd2+ 74. Kc4 c2 0-1

[Event "January 2 Late 2024"]
[Site "https://www.chess.com"]
[Date "2024.01.02"]
[Round "1"]
[White "Samant Aditya S"]
[Black "Gurevich, Dmitry"]
[Result "1/2-1/2"]
[Board "95"]
[TimeControl "180+1"]
[WhiteFideId "35080580"]
[BlackFideId "2000407"]
[WhiteElo "2731"]
[BlackElo "2413"]
[WhiteTeam "IND"]
[BlackTeam "USA"]
[WhiteClock "0:00:44"]
[BlackClock "0:01:11"]

1. Nf3 Nf6 2. g3 g6 3. Bg2 Bg7 4. O-O O-O 5. c4 c6 6. Nc3 d5 7. d4 dxc4 8. a4 a5 9. e4 Na6 10. Ne5 Be6 11. d5 cxd5 12. exd5 Nxd5 13. Nxf7 Bxf7 14. Nxd5 Nc5 15. Bg5 Bf6 16. Nxf6+ exf6 17. Qxd8 Rfxd8 18. Bxf6 Rd7 19. Rfe1 Nd3 20. Re3 Rf8 21. Bc3 Bd5 22. f4 Bxg2 23. Kxg2 Rd5 24. Re4 Nxb2 25. Bxb2 Rd2+ 26. Kh3 Rxb2 27. Rxc4 Rf7 28. Rd1 Re7 29. Rd5 b6 30. f5 Kg7 31. Rc6 Rf7 32. fxg6 hxg6 33. Rdd6 Rff2 34. Rxg6+ Kf7 35. Rxb6 Rxh2+ 36. Kg4 Rxb6 37. Rxb6 Ra2 38. Kf5 Rxa4 39. Rb7+ Kf8 40. g4 Rc4 41. g5 Kg8 42. Ra7 Rc6 43. Kg4 Rb6 44. Kh5 Rc6 45. g6 Rc1 46. Kh6 Rh1+ 1/2-1/2

[Event "January 2 Late 2024"]
[Site "https://www.chess.com"]
[Date "2024.01.02"]
[Round "1"]
[White "Gabdushev, Ruslan"]
[Black "Karacsonyi, Gellert"]
[Result "1-0"]
[Board "96"]
[TimeControl "180+1"]
[WhiteFideId "4137833"]
[BlackFideId "764620"]
[WhiteElo "2409"]
[BlackElo "2730"]
[WhiteTeam "RUS"]
[BlackTeam "HUN"]
[WhiteClock "0:00:12"]
[BlackClock "0:01:56"]

1. c4 Nf6 2. g3 e6 3. Bg2 d5 4. Qc2 Be7 5. d3 O-O 6. a3 a5 7. Nf3 Nc6 8. O-O Bd7 9. Re1 d4 10. e3 dxe3 11. Bxe3 e5 12. Nc3 Bf5 13. Rad1 Nd4 14. Bxd4 exd4 15. Nb5 c5 16. Nh4 Bg4 17. Rb1 Qd7 18. Qd2 Rfe8 19. Qf4 Nh5 20. Qc7 Bxh4 21. gxh4 Qf5 22. Be4 Qf6 23. Qxc5 Nf4 24. Qxd4 Nh3+ 25. Kg2 Qxh4 26. f3 Nf4+ 27. Kf1 Qxh2 28. fxg4 Rad8 29. Qf2 Qh1+ 30. Bxh1 Nxd3 31. Rxe8+ Rxe8 32. Qe2 Rd8 33. Rd1 g6 34. Rxd3 Rf8 35. Qe5 f6 36. Bd5+ Kg7 37. Qe7+ Kh6 38. Qxf8+ Kg5 39. Rf3 f5 40. gxf5 Kg4 41. fxg6 hxg6 42. Qf4+ Kh5 43. Rh3# 1-0

[Event "January 2 Late 2024"]
[Site "https://www.chess.com"]
[Date "2024.01.02"]
[Round "1"]
[White "Manelyuk, Daniil"]
[Black "Nandhakumar, Vaseegaran"]
[Result "1-0"]
[Board "97"]
[TimeControl "180+1"]
[WhiteFideId "44173920"]
[BlackFideId "30946409"]
[WhiteElo "2728"]
[BlackElo "2408"]
[WhiteTeam "RUS"]
[BlackTeam "USA"]
[WhiteClock "0:01:53"]
[BlackClock "0:01:52"]

1. e4 c5 2. Nf3 Nf6 3. Nc3 e6 4. d4 d5 5. exd5 Nxd5 6. Bb5+ Nc6 7. O-O Nxc3 8. bxc3 Bd7 9. Ba3 Qa5 10. Bxc6 Bxc6 11. Bb2 Bd6 12. dxc5 Bxc5 13. c4 O-O 14. Qe2 Ba3 15. Bd4 Rad8 16. Rad1 Bc5 17. Qe5 1-0

[Event "January 2 Late 2024"]
[Site "https://www.chess.com"]
[Date "2024.01.02"]
[Round "1"]
[White "Zeneli, Klendi"]
[Black "Lewtak, Damian"]
[Result "0-1"]
[Board "98"]
[TimeControl "180+1"]
[WhiteFideId "4706609"]
[BlackFideId "1141724"]
[WhiteElo "2405"]
[BlackElo "2726"]
[WhiteTeam "ALB"]
[BlackTeam "POL"]
[WhiteClock "0:00:03"]
[BlackClock "0:00:10"]

1. e4 c5 2. c3 Nf6 3. e5 Nd5 4. d4 d6 5. Nf3 cxd4 6. cxd4 e6 7. Bd3 Nc6 8. a3 Be7 9. Qe2 Qb6 10. Nc3 Nxc3 11. bxc3 dxe5 12. Nxe5 Nxe5 13. Qxe5 Bf6 14. Qh5 Bd7 15. O-O Bc6 16. Re1 h6 17. Rb1 Qd8 18. Rxe6+ Kf8 19. Re1 a6 20. Bc4 Qd7 21. Bf4 Rd8 22. Be5 g6 23. Qd1 Bxe5 24. Rxe5 Kg7 25. Qe2 Rhe8 26. Re1 Qd6 27. Re7 Rf8 28. h3 Rd7 29. Rxd7 Bxd7 30. Qe7 Qxe7 31. Rxe7 Bc6 32. d5 Kf6 33. Rc7 Ba4 34. Rxb7 Rc8 35. Rb4 Bd7 36. Bxa6 Rxc3 37. a4 Rc1+ 38. Kh2 Rd1 39. Rb6+ Ke7 40. d6+ Kf6 41. a5 Rd5 42. Rb7 Rxa5 43. Rxd7 Rxa6 44. Kg3 Ra3+ 45. f3 Rd3 46. Rd8 Rd2 47. Rh8 Rxd6 48. Rxh6 Rd8 49. Rh4 Kg7 50. Re4 Rc8 51. h4 Rc5 52. Kh3 Rb5 53. Rd4 Rb3 54. Kg4 Rb2 55. h5 Rxg2+ 56. Kh3 Rf2 57. hxg6 Kxg6 58. Kg3 Rb2 59. Rg4+ Kf6 60. Rf4+ Ke7 61. Re4+ Kf8 62. Rf4 Rb5 63. Re4 Kg7 64. Rg4+ Kf8 65. Rf4 Rb6 66. Re4 f6 67. Rg4 Kf7 68. Rc4 Rb5 69. Rc7+ Kg6 70. Rc8 Rb1 71. Rc2 Kg5 72. Rc5+ f5 73. f4+ Kg6 74. Rc6+ Kh5 75. Rf6 Rb3+ 76. Kg2 Kg4 77. Rg6+ Kxf4 78. Rg8 Rb2+ 79. Kf1 Kf3 80. Kg1 f4 81. Rc8 Kg3 82. Rg8+ Kf3 83. Rc8 Rb7 84. Rc3+ Ke2 85. Kg2 Rg7+ 86. Kh3 f3 0-1

[Event "January 2 Late 2024"]
[Site "https://www.chess.com"]
[Date "2024.01.02"]
[Round "1"]
[White "Schnaider, Ilan"]
[Black "Rego, Pedro Filipe"]
[Result "1-0"]
[Board "99"]
[TimeControl "180+1"]
[WhiteFideId "169013"]
[BlackFideId "1904310"]
[WhiteElo "2726"]
[BlackElo "2405"]
[WhiteTeam "ARG"]
[BlackTeam "POR"]
[WhiteClock "0:00:07"]
[BlackClock "0:00:14"]

1. e4 c5 2. Nf3 d6 3. Bb5+ Bd7 4. Bxd7+ Qxd7 5. O-O g6 6. c4 Bg7 7. d4 cxd4 8. Nxd4 Nc6 9. Be3 Nf6 10. f3 O-O 11. Nc3 a6 12. Rc1 Rfc8 13. b3 Rab8 14. Qe2 Nxd4 15. Bxd4 b5 16. cxb5 axb5 17. Bxf6 Bxf6 18. Nd5 Bd4+ 19. Kh1 e6 20. Qd2 Be5 21. Rxc8+ Rxc8 22. Nb6 Qc6 23. Nxc8 Qxc8 24. f4 Bf6 25. Rc1 Qa6 26. h3 Be7 27. e5 d5 28. Rc7 Bf8 29. Qc2 b4 30. Kg1 Qb6+ 31. Kh2 Qe3 32. Qc1 Qe2 33. Rc2 Qe4 34. Qd2 h5 35. Rc8 h4 36. Qf2 Kg7 37. Qxh4 d4 38. Qf6+ Kg8 39. Rc7 Qf5 40. Qxf5 gxf5 41. Rd7 Bc5 42. Kg3 Kf8 43. Kf3 Ke8 44. Rc7 Bb6 45. Rc6 Ba7 46. Rc4 Kd7 47. Rxb4 Bc5 48. Rc4 Ba7 49. Ke2 Ke8 50. Kd3 1-0

[Event "January 2 Late 2024"]
[Site "https://www.chess.com"]
[Date "2024.01.02"]
[Round "1"]
[White "Karpov, Vadim"]
[Black "Blanco Ronquillo, Humberto L."]
[Result "1-0"]
[Board "100"]
[TimeControl "180+1"]
[WhiteFideId "4155025"]
[BlackFideId "3504239"]
[WhiteElo "2404"]
[BlackElo "2726"]
[WhiteTeam "RUS"]
[BlackTeam "CUB"]
[WhiteClock "0:00:17"]
[BlackClock "0:00:13"]

1. Nf3 d5 2. d4 Nf6 3. c4 e6 4. Nc3 c6 5. e3 Nbd7 6. Bd3 dxc4 7. Bxc4 b5 8. Be2 Bb7 9. O-O a6 10. e4 b4 11. e5 bxc3 12. exf6 gxf6 13. bxc3 c5 14. Rb1 Bc6 15. Bf4 Qa5 16. Qc2 Rc8 17. Qd2 Rg8 18. Bg3 h5 19. dxc5 Bxc5 20. Nd4 Be4 21. Bd3 Ba8 22. Nb3 Qa4 23. Nxc5 Nxc5 24. Bh7 Rg5 25. Rb4 Qc6 26. f3 Rd8 27. Qf4 e5 28. Qe3 Qd6 29. Bc2 Ne6 30. Ba4+ Kf8 31. Rd1 Qc7 32. Rxd8+ Qxd8 33. Qa7 Bd5 34. Rb8 Kg7 35. Rxd8 Nxd8 36. Qd7 1-0

[Event "January 2 Late 2024"]
[Site "https://www.chess.com"]
[Date "2024.01.02"]
[Round "1"]
[White "Rastbod, Ali"]
[Black "Weinstein, Norman"]
[Result "1-0"]
[Board "101"]
[TimeControl "180+1"]
[WhiteFideId "12567477"]
[BlackFideId "2000466"]
[WhiteElo "2720"]
[BlackElo "2404"]
[WhiteTeam "IRI"]
[BlackTeam "USA"]
[WhiteClock "0:00:43"]
[BlackClock "0:00:25"]

1. e4 c5 2. Nc3 e6 3. Nge2 Nc6 4. g3 d5 5. exd5 exd5 6. d4 Bg4 7. Bg2 cxd4 8. Nxd5 Nf6 9. Nxf6+ Qxf6 10. O-O Bc5 11. Qd3 O-O 12. Nf4 Rad8 13. a3 Bb6 14. Bd2 h6 15. Nd5 Qd6 16. Nxb6 axb6 17. Bf4 Qd7 18. Rfe1 Bh3 19. Bh1 Bf5 20. Be4 Bxe4 21. Rxe4 Rfe8 22. Rae1 Rxe4 23. Qxe4 Qd5 24. Bc7 Qxe4 25. Rxe4 d3 26. cxd3 Rxd3 27. b4 b5 28. Re3 Rxe3 29. fxe3 f5 30. e4 fxe4 31. Kf2 Kf7 32. Ke3 Ke6 33. Kxe4 g6 34. g4 h5 35. gxh5 gxh5 36. h3 Ne7 37. Kd4 Nd5 38. Bb8 Nb6 39. Ba7 Nc4 40. a4 Nd6 41. a5 Nf7 42. Kc5 Ng5 43. Kb6 Nxh3 44. Kxb7 Ng5 45. Bb8 Nf7 46. a6 Nd8+ 47. Kb6 Kd7 48. a7 Nc6 49. a8=Q 1-0

[Event "January 2 Late 2024"]
[Site "https://www.chess.com"]
[Date "2024.01.02"]
[Round "1"]
[White "Senft, Sean"]
[Black "Bardyk, Artem"]
[Result "0-1"]
[Board "102"]
[TimeControl "180+1"]
[WhiteFideId "2044960"]
[BlackFideId "34349979"]
[WhiteElo "2404"]
[BlackElo "2719"]
[WhiteTeam "USA"]
[BlackTeam "RUS"]
[WhiteClock "0:00:11"]
[BlackClock "0:00:04"]

1. d4 d5 2. c4 e6 3. Nc3 Nf6 4. cxd5 Nxd5 5. Nxd5 exd5 6. Nf3 c6 7. Bg5 Be7 8. Bxe7 Qxe7 9. e3 O-O 10. Bd3 Nd7 11. O-O Nf6 12. Ne5 a5 13. h3 Re8 14. Qf3 Be6 15. Rac1 Nd7 16. Nxd7 Bxd7 17. Bf5 Bxf5 18. Qxf5 h6 19. Rc3 a4 20. Rfc1 Qb4 21. Qc2 Ra6 22. b3 Rea8 23. bxa4 Rxa4 24. Rb3 Qe7 25. Qb1 R8a7 26. Rc2 Ra3 27. Rb6 R3a6 28. Rb3 b5 29. Rbc3 Qe4 30. Qc1 Rxa2 31. Rxa2 Rxa2 32. Rxc6 Qf5 33. Qe1 Rb2 34. Rc1 b4 35. Rd1 Qc2 36. Rc1 Qd3 37. Rd1 Qf5 38. Rc1 b3 39. Rd1 Rc2 40. Rb1 b2 41. Kh2 Qxf2 42. Qxf2 Rxf2 43. Kg3 Rc2 44. Kf3 f6 45. g4 Kf7 46. e4 Ke6 47. Ke3 Rc3+ 48. Kf4 Rxh3 49. Rxb2 g5# 0-1

[Event "January 2 Late 2024"]
[Site "https://www.chess.com"]
[Date "2024.01.02"]
[Round "1"]
[White "Carlsson, Ludvig"]
[Black "Travkina, Anastasia"]
[Result "1-0"]
[Board "103"]
[TimeControl "180+1"]
[WhiteFideId "1727010"]
[BlackFideId "24129151"]
[WhiteElo "2718"]
[BlackElo "2401"]
[WhiteTeam "SWE"]
[BlackTeam "RUS"]
[WhiteClock "0:00:09"]
[BlackClock "0:00:06"]

1. e4 c5 2. Nf3 d6 3. d4 cxd4 4. Nxd4 Nf6 5. Nc3 g6 6. Be3 Bg7 7. f3 O-O 8. Qd2 Nc6 9. O-O-O d5 10. exd5 Nxd5 11. Nxc6 bxc6 12. Bd4 Nxc3 13. Qxc3 Bh6+ 14. Be3 Bxe3+ 15. Qxe3 Qb6 16. Qd4 Be6 17. a3 Rad8 18. Qxb6 Rxd1+ 19. Kxd1 axb6 20. Bd3 Rd8 21. Ke2 c5 22. Bb5 Bc8 23. Rd1 Rxd1 24. Kxd1 Bb7 25. c3 e5 26. b4 cxb4 27. cxb4 Kf8 28. Kd2 Ke7 29. Ke3 Kd6 30. g3 f5 31. f4 e4 32. Kd4 h6 33. h4 Ke7 34. a4 Kd6 35. Be8 Bc6 36. Bxg6 Bd7 37. Bh7 Ke7 38. a5 bxa5 39. bxa5 Kd6 40. Bg8 Kc6 41. Bc4 Kd6 42. Bd5 Kc7 43. Kc5 Bc8 44. Bc4 Kb7 45. Bb5 Ka7 46. Kd4 h5 47. Be2 Bd7 48. Ke3 Be8 49. Kd4 Bg6 50. Ke5 Bh7 51. Kf6 Kb7 52. Kg7 1-0

[Event "January 2 Late 2024"]
[Site "https://www.chess.com"]
[Date "2024.01.02"]
[Round "1"]
[White "Sroczynski, Maciej"]
[Black "Makridis, Dimitrios"]
[Result "1/2-1/2"]
[Board "104"]
[TimeControl "180+1"]
[WhiteFideId "1121472"]
[BlackFideId "25864475"]
[WhiteElo "2401"]
[BlackElo "2717"]
[WhiteTeam "POL"]
[BlackTeam "GRE"]
[WhiteClock "0:00:03"]
[BlackClock "0:00:07"]

1. d4 Nf6 2. Nf3 d6 3. c4 g6 4. Nc3 Bg7 5. e4 O-O 6. Be2 Nc6 7. O-O e5 8. Bg5 h6 9. Bxf6 Bxf6 10. Nd5 Bg7 11. dxe5 Nxe5 12. Nxe5 dxe5 13. c5 c6 14. Ne3 Qe7 15. b4 Be6 16. Nc4 f5 17. Nd6 Rad8 18. Qc2 f4 19. f3 g5 20. Bc4 Bxc4 21. Qxc4+ Kh8 22. a4 h5 23. Ra3 g4 24. Rd1 g3 25. h3 b6 26. Rad3 Rd7 27. Nf5 Rxd3 28. Qxd3 Qe6 29. Qd7 Qxd7 30. Rxd7 Bf6 31. Rxa7 bxc5 32. bxc5 Rb8 33. Kf1 Rb1+ 34. Ke2 Rb2+ 35. Kd3 Rxg2 36. Rf7 Bg5 37. Rg7 Bd8 38. Ra7 Rg1 39. Ke2 Ra1 40. Ra8 Kh7 41. Rxd8 Rxa4 42. Rd7+ Kg6 43. Rg7+ Kf6 44. Rg8 Ra2+ 45. Kf1 Rf2+ 46. Kg1 Rxf3 47. Rc8 Rc3 48. Rxc6+ Kg5 49. Rc8 f3 50. Nxg3 Kh4 51. Nf1 Kxh3 52. Rg8 h4 53. Rc8 Rc2 54. Rf8 Rg2+ 55. Kh1 Rb2 56. Rxf3+ Kg4 57. Rc3 Rb8 58. c6 Rc8 59. c7 Kf4 60. Nd2 h3 61. Kh2 Kg4 62. Rc5 Kf4 63. Rc3 Kg4 64. Nb3 Kf4 65. Rc4 Ke3 66. Na5 Kd3 67. Rc1 Kxe4 68. Nb7 Kd5 69. Kxh3 e4 70. Kg3 Ke5 71. Kf2 Rf8+ 72. Ke3 Rc8 73. Rc5+ Ke6 74. Na5 Kd6 75. Nb7+ Kd7 76. Kd4 Rxc7 77. Rxc7+ Kxc7 78. Kxe4 1/2-1/2

[Event "January 2 Late 2024"]
[Site "https://www.chess.com"]
[Date "2024.01.02"]
[Round "1"]
[White "Dyachuk, Artem"]
[Black "Fernandez Diaz, Cristian"]
[Result "1-0"]
[Board "105"]
[TimeControl "180+1"]
[WhiteFideId "34107924"]
[BlackFideId "22256687"]
[WhiteElo "2716"]
[BlackElo "2400"]
[WhiteTeam "UKR"]
[BlackTeam "ESP"]
[WhiteClock "0:00:47"]
[BlackClock "0:00:11"]

1. e4 c5 2. Nf3 Nc6 3. Bb5 g6 4. O-O Bg7 5. c3 Nf6 6. Re1 O-O 7. d4 cxd4 8. cxd4 d5 9. e5 Ne4 10. Bxc6 bxc6 11. Be3 Qb6 12. Qc1 Bf5 13. Nbd2 Rfb8 14. Nb3 a5 15. Re2 a4 16. Nc5 Nxc5 17. dxc5 Qa6 18. Rd2 Be4 19. Bd4 Bxf3 20. gxf3 Bh6 21. e6 f6 22. Kh1 Rb4 23. Be3 Bxe3 24. fxe3 Rc4 25. Qf1 Qc8 26. Qh3 Rxc5 27. Rg1 Qf8 28. Rdg2 Qg7 29. Qh5 g5 30. Rxg5 fxg5 31. Rxg5 Qxg5 32. Qxg5+ Kf8 33. Qf4+ Kg8 34. Qg4+ Kf8 35. Qd4 Rc1+ 36. Kg2 Kg8 37. Qe5 a3 38. bxa3 Rxa3 39. Qb8+ Kg7 40. Qb2+ 1-0

[Event "January 2 Late 2024"]
[Site "https://www.chess.com"]
[Date "2024.01.02"]
[Round "1"]
[White "Jarocka, Liwia"]
[Black "Yarar, Bora"]
[Result "0-1"]
[Board "106"]
[TimeControl "180+1"]
[WhiteFideId "21807558"]
[BlackFideId "34588400"]
[WhiteElo "2400"]
[BlackElo "2715"]
[WhiteTeam "POL"]
[BlackTeam "TUR"]
[WhiteClock "0:01:09"]
[BlackClock "0:01:58"]

1. e4 e6 2. d4 d5 3. Nc3 Nf6 4. e5 Nfd7 5. f4 c5 6. Nf3 Nc6 7. Be3 Qb6 8. Qd2 Qxb2 9. Rb1 Qa3 10. Bb5 c4 11. Nd1 Qa5 12. Qxa5 Nxa5 13. O-O a6 14. Bxd7+ Kxd7 15. c3 b5 16. Ng5 Ke8 17. Bc1 h6 18. Nf3 g6 19. g4 h5 20. h3 hxg4 21. hxg4 Nc6 22. Ne3 Bh6 23. Ne1 Bd7 24. N1g2 Ne7 25. Ba3 Bf8 26. f5 gxf5 27. Bxe7 Kxe7 28. gxf5 Bh6 29. fxe6 fxe6 30. Ng4 Rag8 31. Nf6 Be3+ 0-1

[Event "January 2 Late 2024"]
[Site "https://www.chess.com"]
[Date "2024.01.02"]
[Round "1"]
[White "Syaputra, Arifa Rizki"]
[Black "Esmeraldas Huachi, Anderson"]
[Result "1-0"]
[Board "107"]
[TimeControl "180+1"]
[WhiteFideId "7105100"]
[BlackFideId "3616363"]
[WhiteElo "2714"]
[BlackElo "2396"]
[WhiteTeam "INA"]
[BlackTeam "ECU"]
[WhiteClock "0:00:16"]
[BlackClock "0:00:28"]

1. d4 d5 2. Nf3 Nf6 3. c4 dxc4 4. e3 a6 5. Bxc4 e6 6. a4 c5 7. O-O Nc6 8. Nc3 cxd4 9. exd4 Be7 10. h3 O-O 11. Re1 Nb4 12. Ne5 b6 13. Be3 Bb7 14. Qb3 Rc8 15. Rad1 Nfd5 16. Bd2 Qc7 17. Nxd5 Nxd5 18. Rc1 Qb8 19. Qd3 Qa8 20. Qg3 Rcd8 21. Bd3 Nb4 22. Bb1 Rxd4 23. Bc3 Bh4 24. Qe3 Rfd8 25. Bxd4 Nd5 26. Qe4 Bg5 27. Qxh7+ Kf8 28. Rcd1 Bh6 29. Ng4 Nf4 30. Nxh6 gxh6 31. Qxh6+ Ke8 32. Qxf4 Bxg2 33. Be4 Bxe4 34. Qxe4 Qc8 35. Bf6 Rd7 36. Rxd7 Kf8 37. Rd8+ Qxd8 38. Bxd8 1-0

[Event "January 2 Late 2024"]
[Site "https://www.chess.com"]
[Date "2024.01.02"]
[Round "1"]
[White "Teimouri Yadkuri, Shahdad"]
[Black "Zarubitski, Viachaslau"]
[Result "0-1"]
[Board "108"]
[TimeControl "180+1"]
[WhiteFideId "42515467"]
[BlackFideId "13509373"]
[WhiteElo "2396"]
[BlackElo "2711"]
[WhiteTeam "IRI"]
[BlackTeam "BLR"]
[WhiteClock "0:00:16"]
[BlackClock "0:00:14"]

1. e4 d6 2. d4 Nf6 3. Nc3 e5 4. Nf3 Nbd7 5. Bc4 Be7 6. Rg1 c6 7. g4 Nxe4 8. Bxf7+ Kxf7 9. Nxe4 d5 10. Neg5+ Kg8 11. dxe5 Nxe5 12. Nxe5 Bxg5 13. Qf3 Be6 14. Be3 Qa5+ 15. c3 Rf8 16. Qe2 Bf6 17. Bf4 g5 18. Nc4 dxc4 19. Qxe6+ Kg7 20. Be3 Re8 21. Qd6 Rd8 22. Qe6 Qb5 23. Rb1 Rhe8 24. Qf5 Rd5 25. Qc2 Rd3 26. Rg3 Qd5 27. Ke2 Qe4 28. Rc1 Be5 29. Rf3 Bf4 30. Kf1 Qxf3 0-1